 Dungeon Crawl Stone Soup version 0.18.1-50-g88ac8fd (webtiles) character file.

529745 Chiseanne the Slingshot (level 24, -60/106 HPs)
             Began as a Spriggan Assassin on Mar 27, 2017.
             Was an Initiate of Gozag.
             Killed from afar by an iron giant (99 damage)
             ... with an iron shot
             ... on level 5 of the Depths on Mar 28, 2017.
             The game lasted 07:45:56 (90732 turns).

Chiseanne the Slingshot (Spriggan Assassin)        Turns: 90732, Time: 07:45:57

Health: -60/106    AC: 26    Str: 10    XL:     24   Next: 92%
Magic:  48/48      EV: 32    Int: 20    God:    Gozag
Gold:   3367       SH:  0    Dex: 34    Spells: 16 memorised, 0 levels left

rFire  + . .     SeeInvis +     w - +12 greatsling of Hehuoph {flame, rPois rN+ Int+6 Dex+3}
rCold  + + .     Gourm    .     y - +9 ice dragon armour of the End {rF- rC++ Regen+ Str+3 Dex+2}
rNeg   + + +     Faith    .     (shield currently unavailable)
rPois  +         Spirit   .     (helmet restricted)
rElec  .         Dismiss  .     S - +1 cloak of the Beginning {+Fly rN+ Regen+}
rCorr  .         Reflect  .     (gloves unavailable)
SustAt .         Harm     .     (boots unavailable)
MR     +++++                    l - amulet of Gujuz {MR+ Regen+ Int+2}
Stlth  ++++++++..               n - ring of Amorality {Wiz rPois rF+ SInv}
                                q - ring of Temperance {rF+ rN+}

@: very quick, almost entirely resistant to hostile enchantments,
extraordinarily stealthy
A: unfitting armour, see invisible, herbivore 3, speed 3, slow metabolism 2,
subdued magic 1
a: Potion Petition, Call Merchant, Bribe Branch, Renounce Religion, Evoke Flight
}: 2/15 runes: barnacled, gossamer


You were on level 5 of the Depths.
You worshipped Gozag.
Gozag was noncommittal.
You were not hungry.

You visited 10 branches of the dungeon, and saw 49 of its levels.
You also visited: Ossuary and Ice Cave.

You collected 32854 gold pieces.
You spent 12710 gold pieces at shops.
You paid 16777 gold pieces to Gozag.

Inventory:

Hand Weapons
 a - a +4 quick blade of piercing
 d - the +13 lance "Wyrmbane" {slay drac, +Rage rPois rF+ AC+5}
   (You bought it in a shop on level 8 of the Dungeon)

   It affects your AC (+5).
   It protects you from fire.
   It protects you from poison.
   It lets you go berserk.
 e - a +3 blowgun
 f - a +5 scimitar of flaming
 h - the +8 whip "Snakebite" {curare, rPois}
   (You took it off an orc warrior on level 3 of the Elven Halls)

   It poisons the flesh of those it strikes.
   It protects you from poison.
 s - the +11 falchion of the Morning {holy, rC+}
   (You found it on level 6 of the Lair of Beasts)

   It has been blessed by the Shining One to cause great damage to the undead
   and demons.
   It protects you from cold.
 w - the +12 greatsling of Hehuoph (weapon) {flame, rPois rN+ Int+6 Dex+3}
   (You bought it in a shop on level 8 of the Dungeon)

   It causes projectiles fired from it to burn those they strike, causing extra
   injury to most foes and up to half again as much damage against particularly
   susceptible opponents.
   It affects your intelligence (+6).
   It affects your dexterity (+3).
   It protects you from poison.
   It protects you from negative energy.
Missiles
 j - 3 curare-tipped needles {!*}
 u - 10 throwing nets {!*}
 J - 998 stones (quivered)
Armour
 k - a +1 cloak of poison resistance
 y - the +9 ice dragon armour of the End (worn) {rF- rC++ Regen+ Str+3 Dex+2}
   (You bought it in a shop on level 15 of the Dungeon)

   It affects your strength (+3).
   It affects your dexterity (+2).
   It makes you vulnerable to fire.
   It greatly protects you from cold.
   It increases your rate of regeneration.
 S - the +1 cloak of the Beginning (worn) {+Fly rN+ Regen+}
   (You bought it in a shop on level 3 of the Shoals)

   It protects you from negative energy.
   It lets you fly.
   It increases your rate of regeneration.
Jewellery
 l - the amulet of Gujuz (around neck) {MR+ Regen+ Int+2}
   (You bought it in a shop on level 15 of the Dungeon)

   [amulet of regeneration]

   It affects your intelligence (+2).
   It affects your resistance to hostile enchantments.
   It increases your rate of regeneration.
 n - the ring of Amorality (right hand) {Wiz rPois rF+ SInv}
   (You bought it in a shop on level 15 of the Dungeon)

   [ring of wizardry]

   It improves your spell success rate.
   It protects you from fire.
   It protects you from poison.
   It lets you see invisible.
 q - the ring of Temperance (left hand) {rF+ rN+}
   (You bought it in a shop on level 4 of the Shoals)

   [ring of protection from fire]

   It protects you from fire.
   It protects you from negative energy.
Wands
 i - a wand of heal wounds (8/9)
 B - a wand of teleportation (5/9)
 E - a wand of lightning (4/15)
 F - a wand of digging (8/24)
 P - a wand of disintegration (7/24)
 Q - a wand of paralysis (10/24)
Scrolls
 c - 3 scrolls of silence
 p - 5 scrolls of recharging
 z - 13 scrolls of fog
 A - a scroll of enchant armour
 C - 3 scrolls of immolation
 D - 23 scrolls of remove curse
 H - a scroll of holy word
 L - 9 scrolls of teleportation
 R - 13 scrolls of magic mapping
 U - 8 scrolls of fear
 V - 2 scrolls of blinking
 X - 23 scrolls of identify
Potions
 g - a potion of haste
 m - 9 potions of ambrosia
 o - 3 potions of resistance
 t - 7 potions of curing
 v - 10 potions of flight
 K - a potion of agility
 N - a potion of brilliance
 Y - a potion of cancellation
 Z - a potion of invisibility
Miscellaneous
 b - a fan of gales
 r - a sack of spiders
 G - a lamp of fire (inert)
 I - a phial of floods (inert)
 M - a stone of tremors (inert)
Comestibles
 x - 27 bread rations


   Skills:
 - Level 4.0 Fighting
 - Level 2.1(8.7) Short Blades
 - Level 10.1(10.2) Long Blades
 - Level 21.1(21.2) Slings
 - Level 2.0(12.5) Throwing
 + Level 14.1 Armour
 - Level 18.9 Dodging
 - Level 20.8 Stealth
 - Level 20.0 Spellcasting
 - Level 10.3 Hexes
 - Level 9.0 Charms
 - Level 3.9 Summonings
 - Level 8.8 Necromancy
 - Level 21.0 Translocations
 - Level 6.7 Fire Magic
 - Level 7.9 Air Magic
 - Level 9.3 Evocations


You couldn't memorise any spells.
You knew the following spells:

 Your Spells              Type           Power        Failure   Level  Hunger
a - Mephitic Cloud        Conj/Pois/Air  ###.....     4%          3    None
b - Blink                 Tloc           N/A          0%          2    None
c - Ozocubu's Armour      Chrm/Ice       ####....     2%          3    None
d - Controlled Blink      Tloc           N/A          7%          8    #######
e - Haste                 Chrm           #####...     21%         6    ####...
f - Disjunction           Tloc           ######....   7%          8    #######
g - Regeneration          Chrm/Necr      #####.....   1%          3    None
h - Cause Fear            Hex            #####.....   1%          4    None
i - Conjure Flame         Conj/Fire      ####....     4%          3    None
j - Silence               Hex/Air        #####.....   3%          5    None
k - Apportation           Tloc           ######....   0%          1    None
l - Deflect Missiles      Chrm/Air       #####.....   28%         6    ####...
m - Summon Butterflies    Summ           ####....     1%          1    None
n - Control Undead        Necr           #####.....   1%          4    None
o - Inner Flame           Hex/Fire       #####...     1%          3    None
p - Tukima's Dance        Hex            #####...     1%          3    None


Dungeon Overview and Level Annotations

Branches:
Dungeon (15/15)            Temple (1/1) D:7            Lair (8/8) D:8
 Shoals (4/4) Lair:6       Spider (4/4) Lair:4        Slime (0/6) Lair:7
    Orc (2/2) D:12            Elf (3/3) Orc:2        Vaults (4/5) D:13
  Crypt (3/3) Vaults:2       Tomb (0/3) Crypt:3      Depths (5/5) D:15
    Zot: Depths:5

Altars:
Ashenzari
Cheibriados
Dithmenos
Elyvilon
Fedhas
Gozag
Kikubaaqudgha
Makhleb
Nemelex Xobeh
Okawaru
Pakellas
Qazlal
Ru
Sif Muna
Trog
Vehumet
Xom
Yredelemnul
Zin
The Shining One
Beogh
Jiyva
Lugonu

Shops:
D:8 ((([[   D:11 =   D:14 ?   D:15 ([[(=(==(   Orc:1 (   Orc:2 [(*=
Elf:1 %}**   Shoals:3 ([*   Shoals:4 =   Vaults:1 :   Depths:4 (**[

Portals:
Hell: Depths:1 Depths:2 Depths:3 Depths:4
Abyss: Depths:2 Depths:4 Depths:5
Pandemonium: Depths:2 Depths:3
Ziggurat: Depths:1

Annotations:
D:2 Jessica, Sigmund
D:6 1 exclusion, ciphuk's ghost, novice MfMo
D:7 ciphuk's ghost, novice MfIE
D:8 MadZab's ghost, novice TrBe
D:9 1 runed door
Shoals:2 exclusion: upstairs
Shoals:4 exclusions: frost giant, manticore, merfolk and 2 more exclusions
Elf:2 3 runed doors
Vaults:2 exclusion: orange crystal statue
Crypt:3 exclusion: door
Depths:4 exclusion: downstairs
Depths:5 Jorgrun


Innate Abilities, Weirdness & Mutations

You are tiny and cannot use many weapons and most armour.
You have supernaturally acute eyesight.
You are a herbivore.
You cover ground extremely quickly.
You need consume almost no food.
Your spells are a little easier to cast, but a little less powerful.


Message History

r - Retreat! s - Stop attacking. w - Wait here. f - Follow me.
Anything else - Stay silent.
Gang up on whom?
Press: ? - help, Dir - move target cursor, f/p - iron giant
Aim: an iron giant, wielding a giant spiked club (moderately wounded) Attack!
Your iron giant points at the iron giant and mumbles some strange words.
The iron shot hits the iron giant.
The iron giant points at you and mumbles some strange words.
The iron shot hits you! The fire giant casts a spell at you.
The fireball explodes!
The fireball engulfs you! You resist.
A spiny frog comes into view.
Your iron giant hits the iron giant with a giant spiked club.
The iron giant points at you and mumbles some strange words.
The iron shot hits you!
Ouch! That really hurt!
You die...
Your body crumbles into a pile of gold.

##########
.}.......###
...........####
⌠.......)..#..###
........≈.''....##
#########≈#......##
####....@.##
###.##..##
##.#..<## #.##.C#
##.#CCC# #.##C.#
##.#gF.# #..(.#
.(..


You could see an iron giant, Jorgrun, 2 fire giants, a stone giant, a spiny frog
and a friendly iron giant.

Vanquished Creatures
  Mennas (Crypt:2)
  4 ancient liches
  Mara (Depths:1)
  Boris (Depths:4)
  Norris (Vaults:1)
  A caustic shrike (Depths:2)
  Margery (Crypt:3)
  Xtahua (Crypt:3)
  the Enchantress (Depths:3)
  A profane servitor (Crypt:1)
  Arachne (Spider:3)
  A Tzitzimitl (Depths:4)
  The ghost of nocturnal the Metallomancer, an adept GrEE of Sif Muna (Vaults:1)
  2 liches
  2 deep elf blademasters
  Asterion (Spider:2)
  2 deep elf master archers (Elf:3)
  A sphinx (Depths:4)
  3 ancient champions
  3 tengu reavers
  A storm dragon (Depths:4)
  2 revenants (Crypt:3)
  Ilsuiw (Shoals:4)
  Donald (Vaults:2)
  5 frost giants
  An orc warlord (Orc:1)
  5 fire giants
  A balrug (Depths:1)
  11 vault wardens
  2 caustic shrike zombies
  6 ghost moths
  An emperor scorpion (Spider:4)
  The ghost of symbioosi the Impaler, a journeyman MiBe of Trog (Depths:1)
  3 deep elf sorcerers (Elf:3)
  5 deep elf elementalists
  12 ironheart preservers
  7 spriggan defenders
  18 stone giants
  A ghoul (Vaults:3)
  A curse skull (Crypt:1)
  8 reapers
  18 very ugly things
  A caustic shrike skeleton (Depths:4)
  3 war gargoyles (Crypt:3)
  8 vampire knights
  4 deep elf demonologists
  7 spark wasps
  Nessos (Lair:6)
  8 deep elf annihilators
  Azrael (Spider:3)
  4 salamander stormcallers
  A dire elephant (D:15)
  2 pearl dragon zombies (Crypt:1)
  4 eidola
  5 merfolk javelineers
  The ghost of ciphuk the Black Belt, a journeyman MfMo of Ru (D:13)
  6 ettins
  Snorg (D:14)
  A quicksilver dragon zombie (Depths:4)
  12 deep elf death magi
  7 vault guards
  7 merfolk impalers
  Josephine (D:15)
  4 rakshasas
  9 jiangshi
  10 yaktaur captains
  11 fire dragons
  4 deep elf high priests
  6 great orbs of eyes
  A hell beast (Depths:4)
  A caustic shrike simulacrum (Depths:4)
  11 entropy weavers
  3 spriggan air magi
  15 hydras
  14 ice dragons
  12 centaur warriors
  6 merfolk avatars
  4 alligator snapping turtles (Shoals:4)
  6 death knights
  2 satyrs (Shoals:3)
  3 tengu warriors
  4 merfolk aquamancers
  18 death yaks
  A catoblepas (Lair:8)
  10 deep troll earth magi
  3 hell hogs (Crypt:1)
  5 vampire magi
  18 ogre magi
  A titan zombie (Depths:4)
  5 deep troll shamans
  7 spriggan berserkers
  2 iron giant zombies (Depths:4)
  5 orc high priests
  15 deep elf knights
  4 hell knights
  A sun demon (Depths:2)
  2 titan skeletons
  A soul eater (Crypt:1)
  A fire crab (shapeshifter) (Elf:2)
  2 fire crabs
  7 iron trolls
  5 shadow wraiths
  11 skeletal warriors
  32 deep trolls
  2 salamander mystics
  A shadow demon (Depths:2)
  A spark wasp zombie (Depths:4)
  An iron giant skeleton (Depths:4)
  2 spriggan druids (Depths:3)
  An unseen horror (shapeshifter) (Elf:1)
  3 unseen horrors
  2 anaconda zombies (Crypt:3)
  14 sea snakes
  4 giant orange brains
  A shadow dragon zombie (Crypt:1)
  14 flayed ghosts
  2 lindwurms (Lair:8)
  14 phantasmal warriors
  14 deep elf archers
  A tengu zombie (Depths:4)
  13 necromancers
  15 orc knights
  15 ironbrand convokers
  8 hill giants
  Pikel (D:7)
  3 wolf spider zombies
  37 deep elf magi
  3 golden dragon skeletons (Depths:4)
  2 mana vipers (shapeshifter)
  An anubis guard (shapeshifter) (Depths:1)
  A frost giant zombie (Depths:4)
  19 orb spiders
  18 harpies
  A hornet (shapeshifter) (Vaults:1)
  41 ugly things
  5 hornets
  2 iron dragon zombies (Depths:4)
  2 stone giant zombies
  8 fauns
  3 wizards
  5 orc sorcerers
  17 cyclopes
  13 griffons
  A moth of wrath (shapeshifter) (Vaults:4)
  A spriggan zombie (Depths:4)
  30 wolf spiders
  5 salamanders
  11 manticores
  Joseph (D:7)
  20 elephants
  2 sixfirhies (Depths:2)
  2 fire giant zombies (Depths:4)
  8 sirens
  9 fire giant skeletons
  4 apis skeletons (Crypt:1)
  5 black mambas
  An elephant (shapeshifter) (D:14)
  4 human skeletons (Vaults:4)
  A frost giant skeleton (Crypt:2)
  A stone giant skeleton (Crypt:3)
  8 torpor snails
  5 water nymphs
  2 rust devils
  22 spiny frogs
  10 centaur skeletons
  An octopode (shapeshifter) (Vaults:3)
  A storm dragon simulacrum (Depths:4)
  6 gargoyles
  14 vault sentinels
  4 human zombies (Vaults:4)
  A yaktaur zombie (Vaults:4)
  A rime drake (shapeshifter) (Depths:1)
  An emperor scorpion zombie (Crypt:1)
  10 demonic crawlers
  2 spriggan skeletons (Depths:4)
  A dire elephant skeleton (Crypt:3)
  7 rime drakes
  17 komodo dragons
  2 efreet
  43 yaktaurs
  A yaktaur (shapeshifter) (Vaults:3)
  4 kobold demonologists
  13 freezing wraiths
  An anaconda simulacrum (Crypt:1)
  A redback zombie (D:15)
  31 jumping spiders
  A wind drake (shapeshifter) (Vaults:1)
  11 trolls
  A red devil (Depths:4)
  4 tengu conjurers
  A pale draconian skeleton (Crypt:2)
  4 giant leeches (Lair:8)
  A tengu simulacrum (Depths:4)
  24 two-headed ogres
  26 merfolk
  A merfolk (shapeshifter) (Elf:1)
  3 wind drakes (Shoals:4)
  2 hydra skeletons
  2 polar bears (shapeshifter)
  2 harpy skeletons
  18 polar bears
  A death drake skeleton (Crypt:1)
  2 frost giant simulacra (Vaults:4)
  5 boulder beetles
  11 blink frogs
  31 slime creatures
  8 snapping turtles
  4 elf skeletons (Depths:4)
  3 flying skulls (Crypt:2)
  2 air elementals
  4 spriggans
  5 vampires (Crypt:3)
  19 water elementals
  95 redbacks
  A tarantella (shapeshifter) (Depths:1)
  14 wraiths
  7 wyverns
  A yak (shapeshifter) (D:13)
  103 yaks
  An ice dragon skeleton (Crypt:3)
  30 tarantellas
  9 shadows
  An ettin skeleton (Crypt:2)
  Eustachio (D:4)
  9 fire dragon skeletons (Crypt:3)
  16 hippogriffs
  A fire elemental (Spider:3)
  A basilisk (Lair:8)
  7 hungry ghosts
  Menkaure (D:4)
  A steam dragon (Lair:5)
  A yaktaur simulacrum (Vaults:1)
  12 vampire mosquitoes
  2 mottled dragons
  4 wargs
  5 swamp worms (Spider:2)
  A glowing shapeshifter zombie (Crypt:1)
  17 water moccasins
  A putrid demonspawn skeleton (Crypt:2)
  5 hell hounds (Spider:3)
  A merfolk zombie (Crypt:1)
  A hornet simulacrum (D:14)
  A giant eyeball (Depths:2)
  10 porcupines
  6 ice beasts
  60 orc warriors
  A snapping turtle zombie (Crypt:2)
  3 phantoms
  3 black bears
  8 wasps
  3 sky beasts
  A wasp (shapeshifter) (D:15)
  A necrophage (D:8)
  34 centaurs
  A swamp dragon skeleton (Crypt:2)
  16 wolves
  20 boggarts
  A tengu (D:6)
  57 ogres
  16 crocodiles
  2 elf zombies
  19 giant frogs
  7 big kobolds
  2 earth elementals
  A spiny frog simulacrum (Crypt:2)
  A draconian skeleton (Crypt:1)
  A wyvern skeleton (D:13)
  4 scorpions
  8 killer bees (D:11)
  18 wights
  A polar bear skeleton (Crypt:2)
  3 electric eels
  A wasp zombie (D:11)
  3 centaur zombies
  9 crimson imps
  4 giant frog zombies
  4 howler monkeys (D:8)
  A quasit (D:9)
  10 hounds
  6 jellies
  20 orc priests
  35 orc wizards
  2 giant frog skeletons
  10 iguanas
  A demonspawn skeleton (Crypt:1)
  A hell rat (D:8)
  11 worker ants
  A killer bee zombie (D:10)
  16 sheep
  A big kobold zombie (Ossuary)
  A deep dwarf skeleton (Crypt:1)
  2 hound zombies
  2 mummies (Ossuary)
  4 worker ant zombies
  10 gnolls
  66 river rats
  10 adders
  4 shadow imps
  An ooze (D:6)
  An adder zombie (D:5)
  34 worms
  4 dart slugs
  7 giant geckos
  110 orcs
  2 ball pythons
  10 bats
  4 giant cockroaches (D:1)
  A gnoll zombie (Ossuary)
  8 goblins
  2 hobgoblins
  35 kobolds
  7 quokkas
  A giant gecko skeleton (D:7)
  7 giant newts
  3 goblin zombies (Ossuary)
  5 hobgoblin zombies (Ossuary)
  2 jackal skeletons
  A kobold zombie (D:9)
  3 orc zombies (Ossuary)
  2 quokka skeletons
  A quokka zombie (D:8)
  16 rats
  6 fungi
  3 lost souls
  5 plants
  2 withered plants (Crypt:3)
2505 creatures vanquished.

Vanquished Creatures (collateral kills)
  An orc warlord (Orc:2)
  A juggernaut zombie (Depths:4)
  An emperor scorpion (Spider:4)
  2 merfolk impalers (Shoals:4)
  An alligator snapping turtle (Shoals:4)
  A dancing weapon (Elf:1)
  A vampire mage (Crypt:2)
  2 wolf spiders
  2 orc knights
  2 harpies (Shoals:4)
  A manticore (Shoals:4)
  A deep elf mage (Elf:1)
  4 wind drakes
  A merfolk (Shoals:4)
  A jumping spider (Spider:4)
  A troll (Orc:2)
  An ettin zombie (Crypt:2)
  2 redbacks (Spider:2)
  3 tarantellas
  A fire elemental (Spider:3)
  A hungry ghost (Crypt:3)
  2 wargs (Orc:2)
  A hell hound (Spider:3)
  4 orc warriors (Orc:2)
  2 ogres (Orc:2)
  A kobold (Crypt:2)
  A fungus (Orc:2)
42 creatures vanquished.

Vanquished Creatures (others)
  8 dancing weapons
  A tengu warrior (Depths:4)
  2 polar bears (IceCv)
  A redback (Spider:2)
  A yak (Vaults:1)
  An ogre (Vaults:4)
  A jelly (D:13)
  An orc wizard (D:7)
  A worker ant (D:13)
  3 orcs (D:7)
  41 fungi
  4 lost souls
  61 plants
  47 withered plants (Crypt:3)
173 creatures vanquished.

Grand Total: 2720 creatures vanquished

Notes
Turn   | Place    | Note
--------------------------------------------------------------
     0 | D:1      | Chiseanne the Spriggan Assassin began the quest for the Orb.
     0 | D:1      | Reached XP level 1. HP: 10/10 MP: 2/2
   216 | D:1      | Reached XP level 2. HP: 14/14 MP: 3/3
   567 | D:1      | Reached XP level 3. HP: 6/18 MP: 4/4
   997 | D:2      | Found an iron altar of Okawaru.
  1001 | D:2      | Noticed Sigmund
  1139 | D:2      | Found a shattered altar of Ashenzari.
  1296 | D:2      | Noticed Jessica
  1300 | D:2      | Identified Jessica's Grimoire of Hexes (You found it on level 2 of the Dungeon)
  1534 | D:3      | Reached XP level 4. HP: 23/23 MP: 5/5
  2165 | D:3      | You fall through a shaft!
  2304 | D:4      | Reached XP level 5. HP: 21/26 MP: 6/6
  2384 | D:4      | Noticed Menkaure
  2390 | D:4      | Killed Menkaure
  2390 | D:4      | Reached skill level 5 in Dodging
  2390 | D:4      | Reached XP level 6. HP: 22/32 MP: 7/7
  2498 | D:4      | Noticed Eustachio
  2584 | D:4      | Killed Eustachio
  2839 | D:4      | Reached XP level 7. HP: 36/36 MP: 8/8
  3569 | D:5      | Entered Level 5 of the Dungeon
  3589 | D:5      | Reached skill level 10 in Stealth
  3916 | D:5      | Noticed a moth of wrath
  3919 | D:5      | Found a bloodstained altar of Trog.
  4309 | D:5      | Learned a level 1 spell: Summon Butterflies
  4312 | D:5      | Learned a level 2 spell: Confusing Touch
  4397 | D:5      | Reached skill level 1 in Spellcasting
  4397 | D:5      | Reached XP level 8. HP: 42/42 MP: 8/10
  4432 | D:6      | Found a shadowy altar of Dithmenos.
  4868 | D:6      | Noticed Prince Ribbit
  4948 | D:6      | Noticed Prince Ribbit
  4948 | D:6      | Prince Ribbit changed into Prince Ribbit the tengu
  4974 | D:6      | Killed Prince Ribbit the tengu
  5103 | D:6      | Found a bloodstained altar of Trog.
  5129 | D:6      | Noticed ciphuk's ghost (novice MfMo)
  5284 | D:6      | Found an ancient bone altar of Kikubaaqudgha.
  6398 | D:6      | Reached skill level 10 in Dodging
  6537 | D:7      | Noticed Joseph
  6603 | D:7      | Killed Joseph
  6603 | D:7      | Reached skill level 1 in Summonings
  6603 | D:7      | Reached XP level 9. HP: 37/45 MP: 16/16
  6624 | D:7      | Identified a scroll of acquirement
  6750 | D:7      | Noticed ciphuk's ghost (novice MfIE)
  7170 | D:7      | Noticed Pikel
  7193 | D:7      | Found an oddly glowing altar of Pakellas.
  7426 | D:7      | Found a stormy altar of Qazlal.
  7639 | D:7      | Found a staircase to the Ecumenical Temple.
  7745 | Temple   | Entered the Ecumenical Temple
  7789 | Temple   | Became a worshipper of Gozag Ym Sagoz the Greedy
  8231 | D:7      | Killed Pikel
  8456 | D:8      | Noticed MadZab's ghost (novice TrBe)
  8476 | D:8      | Found a sand-covered staircase.
  8482 | Ossuary  | Entered an ossuary
  8764 | D:8      | Reached skill level 1 in Slings
  8930 | D:8      | Reached XP level 10. HP: 48/49 MP: 17/17
  8971 | D:8      | Noticed a spiny frog
  9130 | D:8      | Killed a spiny frog
  9473 | D:8      | Reached skill level 1 in Evocations
 10002 | D:8      | Found a staircase to the Lair.
 11169 | D:9      | Noticed a purple ugly thing
 11189 | D:9      | Killed a purple ugly thing
 11274 | D:9      | Found a white marble altar of Elyvilon.
 11336 | D:9      | Found a runed door.
 11340 | D:9      | Found a basalt altar of Yredelemnul.
 11411 | D:9      | Found a basalt altar of Yredelemnul.
 12056 | D:9      | Reached skill level 5 in Slings
 12206 | D:9      | Noticed a hill giant
 12795 | D:9      | Reached skill level 15 in Stealth
 13436 | D:9      | Noticed an unseen horror
 13467 | Lair:1   | Entered Level 1 of the Lair of Beasts
 13475 | Lair:1   | Noticed a spiny frog
 13505 | Lair:1   | Got a translucent flail
 13507 | Lair:1   | Identified the +3 flail of War {flame, -Tele rF- rN+++ SInv} (You found it on level 1 of the Lair of Beasts)
 13708 | Lair:1   | Noticed a spiny frog
 13715 | Lair:1   | Killed a spiny frog
 13715 | Lair:1   | Reached XP level 11. HP: 52/52 MP: 18/18
 14631 | D:8      | Bought the +12 greatsling of Hehuoph {flame, rPois rN+ Int+6 Dex+3} for 1489 gold pieces
 15123 | Lair:2   | Noticed a six-headed hydra
 15453 | Lair:2   | Reached skill level 15 in Dodging
 15489 | Lair:2   | Killed a six-headed hydra
 15707 | Lair:2   | Reached XP level 12. HP: 57/57 MP: 19/19
 16190 | Lair:2   | Reached skill level 10 in Slings
 17406 | Lair:4   | Noticed a four-headed hydra
 17421 | Lair:4   | Killed a four-headed hydra
 17531 | Lair:4   | Noticed a five-headed hydra
 17538 | Lair:4   | Killed a five-headed hydra
 17937 | Lair:4   | Noticed a six-headed hydra
 17941 | Lair:4   | Killed a six-headed hydra
 17945 | Lair:4   | Found a hole to the Spider Nest.
 18704 | Lair:5   | Reached XP level 13. HP: 60/60 MP: 20/20
 18792 | Lair:5   | Reached skill level 15 in Slings
 19638 | Lair:6   | Noticed Nessos
 19649 | Lair:6   | Killed Nessos
 20539 | Lair:6   | Got a jewelled falchion
 20540 | Lair:6   | Identified the +11 falchion of the Morning {holy, rC+} (You found it on level 6 of the Lair of Beasts)
 21360 | Lair:6   | Found a staircase to the Shoals.
 22221 | Lair:7   | Found a frozen archway.
 22268 | IceCv    | Entered an ice cave
 22732 | IceCv    | Reached skill level 1 in Long Blades
 23012 | IceCv    | Noticed a frost giant
 23578 | IceCv    | Killed a frost giant
 23616 | IceCv    | Identified the Papyrus of Snow
 23750 | IceCv    | Learned a level 3 spell: Ozocubu's Armour
 24499 | Lair:7   | Reached XP level 14. HP: 36/65 MP: 21/21
 25257 | Lair:7   | Reached skill level 5 in Long Blades
 26474 | Lair:7   | Found a viscous altar of Jiyva.
 26474 | Lair:7   | Found a staircase to the Slime Pits.
 26831 | Lair:8   | Entered Level 8 of the Lair of Beasts
 29270 | Lair:8   | Reached XP level 15. HP: 69/69 MP: 22/22
 30152 | Lair:8   | Found a runed door.
 31121 | D:8      | Bought the +2 robe of Serendipity {rC+ rN+ Str+3} for 563 gold pieces
 31145 | D:8      | Bought the +8 lance "Wyrmbane" {slay drac, +Rage rPois rF+ AC+5} for 1285 gold pieces
 31769 | D:10     | Entered Level 10 of the Dungeon
 32271 | D:10     | Found a viscous altar of Jiyva.
 32767 | D:11     | Learned a level 3 spell: Regeneration
 33114 | D:11     | Found Nidary's Jewellery Emporium.
 33134 | D:11     | Bought a cursed -2 ring of evasion for 26 gold pieces
 33134 | D:11     | Bought the ring "Kutiph" {rPois MR- Str+4 Dex+8} for 624 gold pieces
 33134 | D:11     | Bought a cursed -4 ring of dexterity for 26 gold pieces
 33689 | D:12     | Found a staircase to the Orcish Mines.
 34514 | D:13     | Noticed ciphuk's ghost (journeyman MfMo)
 34526 | D:13     | Killed ciphuk's ghost
 34562 | D:13     | Reached skill level 10 in Long Blades
 34622 | D:14     | Found Caugesu's Magic Scroll Shop.
 34651 | D:14     | Bought a scroll of identify for 32 gold pieces
 34651 | D:14     | Bought a scroll of amnesia for 56 gold pieces
 34651 | D:14     | Bought a scroll of identify for 32 gold pieces
 34651 | D:14     | Bought a scroll of identify for 32 gold pieces
 34651 | D:14     | Bought a scroll of identify for 32 gold pieces
 34651 | D:14     | Bought a scroll of magic mapping for 56 gold pieces
 34651 | D:14     | Bought a scroll of enchant weapon for 120 gold pieces
 34687 | D:15     | Entered Level 15 of the Dungeon
 34721 | D:15     | Found Gepp's Antique Weapon Shop.
 34808 | D:15     | Found Pauvuciu's Antique Weapon Emporium.
 34961 | D:15     | Found a staircase to the Depths.
 35598 | D:14     | Reached skill level 5 in Evocations
 35623 | D:14     | Reached XP level 16. HP: 74/74 MP: 23/23
 36762 | D:14     | Noticed Snorg
 36767 | D:14     | Killed Snorg
 38534 | D:13     | Found a gate to the Vaults.
 39174 | D:15     | Noticed Josephine
 39187 | D:15     | Killed Josephine
 39250 | D:15     | Got a heavily runed silver ring
 39259 | D:15     | Identified the ring "Funn" {rN+++ MP+9 Str-4 Dex+4} (You found it on level 15 of the Dungeon)
 39641 | D:15     | Learned a level 3 spell: Inner Flame
 39645 | D:15     | Learned a level 3 spell: Mephitic Cloud
 40104 | Orc:1    | Entered Level 1 of the Orcish Mines
 40344 | Orc:1    | Found Kegg's Antique Weapon Emporium.
 40350 | Orc:1    | Bought an ancient short sword for 232 gold pieces
 40351 | Orc:1    | Identified the +8 short sword "Ogreslayer" {flame, *Rage rF+++ Str+2 Dex+4} (You bought it in a shop on level 1 of the Orcish Mines)
 40964 | Orc:2    | Entered Level 2 of the Orcish Mines
 41000 | Orc:2    | Found a staircase to the Elven Halls.
 41047 | Orc:2    | Found a roughly hewn altar of Beogh.
 41384 | Orc:2    | Found Tarphotorph's Antique Weapon Shoppe.
 41663 | Orc:2    | Found Udokadij's Antique Armour Emporium.
 41862 | Orc:2    | Found Ugro's General Store.
 42001 | Orc:2    | Found Wocan's Jewellery Shop.
 42052 | Orc:2    | Bought a cursed ring of loudness for 63 gold pieces
 42372 | D:15     | Bought the amulet of Gujuz {MR+ Regen+ Int+2} for 842 gold pieces
 42375 | D:15     | Bought the ring of Amorality {Wiz rPois rF+ SInv} for 943 gold pieces
 42682 | Shoals:1 | Entered Level 1 of the Shoals
 42762 | Shoals:1 | Reached skill level 5 in Spellcasting
 42930 | Shoals:2 | Reached XP level 17. HP: 77/77 MP: 25/27
 43395 | Shoals:4 | Entered Level 4 of the Shoals
 43478 | Shoals:4 | Reached skill level 1 in Hexes
 43612 | Shoals:4 | Noticed Ilsuiw
 44005 | Shoals:4 | Found Ruzor's Jewellery Emporium.
 44035 | Shoals:4 | Reached skill level 5 in Hexes
 44040 | Shoals:4 | Noticed a kraken
 44721 | Shoals:3 | Found Yteigg's Antique Weapon Boutique.
 44854 | Shoals:3 | Reached skill level 10 in Hexes
 45013 | Shoals:3 | Found Zajiew's Antique Armour Boutique.
 45023 | Shoals:3 | Bought a faintly humming cloak for 294 gold pieces
 45027 | Shoals:3 | Identified the +1 cloak of the Beginning {+Fly rN+ Regen+} (You bought it in a shop on level 3 of the Shoals)
 45138 | Shoals:3 | Reached skill level 1 in Air Magic
 45268 | Shoals:3 | Found Coneruf's Assorted Antiques.
 45293 | Shoals:3 | Bought a potion of curing for 93 gold pieces
 45293 | Shoals:3 | Bought a potion of flight for 93 gold pieces
 45293 | Shoals:3 | Bought a scroll of teleportation for 93 gold pieces
 45293 | Shoals:3 | Bought a scroll of fog for 62 gold pieces
 45934 | Shoals:4 | Killed Ilsuiw
 45945 | Shoals:4 | Reached skill level 5 in Air Magic
 46249 | Shoals:4 | Reached XP level 18. HP: 81/81 MP: 28/32
 46457 | Shoals:4 | Got a barnacled rune of Zot
 46908 | Elf:1    | Entered Level 1 of the Elven Halls
 46908 | Elf:1    | Found Jaror's Food Emporium.
 47218 | Elf:1    | Found Onleeko's Assorted Antiques.
 47240 | Elf:1    | Bought a twisted granite ring for 120 gold pieces
 47240 | Elf:1    | Bought a scroll of fog for 48 gold pieces
 47327 | Elf:1    | Reached skill level 1 in Fire Magic
 47541 | Elf:1    | Found Gohoa's General Store.
 47543 | Elf:1    | Bought a scroll of magic mapping for 42 gold pieces
 47543 | Elf:1    | Bought a potion of mutation for 30 gold pieces
 47618 | Elf:1    | Found Elaom's Gadget Emporium.
 47623 | Elf:1    | Bought a wand of teleportation (5/9) for 459 gold pieces
 48930 | Elf:2    | Found a runed gate.
 48930 | Elf:2    | Found a runed gate.
 48930 | Elf:2    | Found a runed gate.
 48953 | Elf:2    | Reached skill level 5 in Fire Magic
 49359 | Elf:3    | Entered Level 3 of the Elven Halls
 49597 | Elf:3    | Gained mutation: Your spells are a little easier to cast, but a little less powerful. [a neqoxec]
 50063 | Elf:2    | Reached skill level 1 in Charms
 50424 | Elf:3    | Reached skill level 5 in Charms
 51939 | Elf:3    | Got a warped quarterstaff {speed}
 51940 | Elf:3    | Identified the +7 quarterstaff of the Grave {speed, rN+ Dex+7} (You took it off a deep elf elementalist on level 3 of the Elven Halls)
 51989 | Elf:3    | Reached XP level 19. HP: 81/85 MP: 21/33
 52220 | Elf:3    | Identified the Grimoire of Flames and Displacement (You found it on level 3 of the Elven Halls)
 52235 | Elf:3    | Learned a level 2 spell: Repel Missiles
 52276 | Elf:3    | Learned a level 8 spell: Controlled Blink
 52308 | Elf:3    | Reached skill level 1 in Translocations
 52313 | Elf:3    | Noticed a Tzitzimitl
 52434 | Elf:3    | Reached skill level 5 in Translocations
 52627 | Elf:3    | Got a dazzling falchion {antimagic}
 52630 | Elf:3    | Identified the +12 falchion of Saf Kogg {antimagic, rC+ Str+4 Dex+3} (You took it off a deep elf annihilator on level 3 of the Elven Halls)
 53267 | D:15     | Learned a level 4 spell: Cause Fear
 53271 | D:15     | Learned a level 3 spell: Conjure Flame
 53277 | D:15     | Learned a level 5 spell: Silence
 53408 | Vaults:1 | Entered Level 1 of the Vaults
 53594 | Vaults:1 | Found Inuriroan's Book Boutique.
 54347 | Vaults:1 | Noticed Norris
 54393 | Vaults:1 | Killed Norris
 54438 | Vaults:1 | Reached skill level 10 in Translocations
 54537 | Vaults:1 | Noticed nocturnal's ghost (adept GrEE)
 54609 | Vaults:1 | HP: 4/85 [nocturnal's ghost/fireball (22)]
 54613 | Vaults:1 | Killed nocturnal's ghost
 54931 | Vaults:1 | Reached skill level 10 in Spellcasting
 56294 | Vaults:2 | Noticed Donald
 56325 | Vaults:2 | Killed Donald
 56710 | D:15     | Bought a cursed -2 ring of strength for 40 gold pieces
 56710 | D:15     | Bought a cursed ring of teleportation for 90 gold pieces
 56914 | Orc:2    | Bought the ring "Rale" {*Corrode rElec rC+ MR+ Stlth+} for 539 gold pieces
 57173 | Spider:1 | Entered Level 1 of the Spider Nest
 57988 | Spider:2 | Reached XP level 20. HP: 78/90 MP: 21/38
 58006 | Spider:2 | Noticed Asterion
 58059 | Spider:2 | Killed Asterion
 58270 | Spider:2 | Learned a level 1 spell: Apportation
 58739 | Spider:3 | Noticed Arachne
 58773 | Spider:3 | Killed Arachne
 58837 | Spider:3 | Noticed Azrael
 58851 | Spider:3 | Killed Azrael
 60243 | Spider:4 | Entered Level 4 of the Spider Nest
 61014 | Spider:4 | Reached skill level 15 in Spellcasting
 62256 | Spider:4 | Got a gossamer rune of Zot
 63125 | Vaults:2 | Found a staircase to the Crypt.
 63723 | Vaults:2 | Reached skill level 15 in Translocations
 64619 | Vaults:3 | Reached XP level 21. HP: 78/93 MP: 43/43
 66285 | D:15     | Bought an ebony double sword for 700 gold pieces
 66285 | D:15     | Identified the cursed +0 double sword "Siobrut" {venom, Dex+3} (You bought it in a shop on level 15 of the Dungeon)
 66496 | Crypt:1  | Entered Level 1 of the Crypt
 66802 | Crypt:1  | Paralysed by a vampire knight for 2 turns
 67336 | Crypt:3  | Entered Level 3 of the Crypt
 67342 | Crypt:3  | Noticed Mennas
 70365 | D:15     | Learned a level 6 spell: Deflect Missiles
 70396 | D:15     | Learned a level 6 spell: Haste
 70405 | D:15     | Learned a level 8 spell: Disjunction
 70410 | D:15     | Learned a level 4 spell: Control Undead
 70413 | D:15     | Learned a level 2 spell: Blink
 70431 | Depths:1 | Entered Level 1 of the Depths
 70759 | Depths:1 | Noticed symbioosi's ghost (journeyman MiBe)
 70918 | Depths:1 | Killed symbioosi's ghost
 71044 | Depths:1 | Reached XP level 22. HP: 94/98 MP: 47/47
 71144 | Depths:1 | Noticed Mara
 71206 | Depths:1 | Noticed Chiseanne's illusion
 71226 | Depths:1 | Killed Mara
 71344 | Depths:1 | Found a gateway to Hell.
 72212 | Depths:1 | Found an oddly glowing altar of Pakellas.
 72343 | Depths:1 | Found a gateway to a ziggurat.
 73437 | Depths:2 | Noticed a caustic shrike
 73470 | Depths:2 | Killed a caustic shrike
 73781 | Depths:2 | Reached skill level 1 in Necromancy
 74628 | Depths:2 | Reached skill level 5 in Necromancy
 75737 | Depths:2 | Found a corrupted altar of Lugonu.
 75738 | Depths:2 | Found a one-way gate to the infinite horrors of the Abyss.
 75921 | Depths:2 | Found a one-way gate leading to the halls of Pandemonium.
 76111 | Depths:3 | Noticed the Enchantress
 76280 | Depths:3 | Reached XP level 23. HP: 68/101 MP: 44/48
 77207 | Depths:3 | Got a pitted copper ring
 77229 | Depths:3 | Identified the ring "Zanuvyotu" {AC+4 Dex+4} (You took it off a spriggan air mage on level 3 of the Depths)
 77358 | Depths:3 | Found a radiant altar of Vehumet.
 77409 | Depths:3 | Killed the Enchantress
 77457 | Depths:3 | Got a faerie dragon armour
 77509 | Depths:3 | Identified the +3 faerie dragon armour {+Inv +Fly rElec Int+3} (You took it off the Enchantress on level 3 of the Depths)
 78191 | D:15     | Bought a smoking ice dragon armour for 2080 gold pieces
 78192 | D:15     | Identified the +9 ice dragon armour of the End {rF- rC++ Regen+ Str+3 Dex+2} (You bought it in a shop on level 15 of the Dungeon)
 78587 | Shoals:1 | Reached skill level 1 in Armour
 78817 | Shoals:4 | Bought the ring of Temperance {rF+ rN+} for 579 gold pieces
 79278 | Orc:2    | Bought a bread ration for 85 gold pieces
 79278 | Orc:2    | Bought a potion of ambrosia for 136 gold pieces
 79278 | Orc:2    | Bought 4 fruits for 102 gold pieces
 79333 | Elf:1    | Bought a bread ration for 70 gold pieces
 79333 | Elf:1    | Bought a bread ration for 70 gold pieces
 79333 | Elf:1    | Bought a slice of pizza for 21 gold pieces
 79333 | Elf:1    | Bought a royal jelly for 28 gold pieces
 80776 | Crypt:1  | HP: 4/102 [profane servitor/enchanted whip (3)]
 80953 | Crypt:1  | Found a basalt altar of Yredelemnul.
 81358 | Crypt:2  | Reached skill level 5 in Armour
 81572 | Crypt:2  | Found a shimmering altar of Xom.
 82346 | Crypt:2  | Killed Mennas
 82880 | Crypt:3  | Noticed Xtahua
 82882 | Crypt:3  | Killed Xtahua
 83914 | Crypt:3  | Noticed Margery
 83950 | Crypt:3  | Killed Margery
 84404 | Crypt:3  | Found an ancient bone altar of Kikubaaqudgha.
 84423 | Crypt:3  | Noticed an ancient lich
 84435 | Crypt:3  | Killed an ancient lich
 84528 | Crypt:3  | Noticed an ancient lich
 84534 | Crypt:3  | Killed an ancient lich
 84552 | Crypt:3  | Identified Noti's Incunabulum of Noxious Feathers
 84762 | Crypt:3  | Found a staircase to the Tomb.
 85042 | Crypt:3  | Reached skill level 10 in Armour
 85198 | Crypt:3  | Noticed an ancient lich
 85203 | Crypt:3  | Killed an ancient lich
 85203 | Crypt:3  | Reached XP level 24. HP: 106/106 MP: 48/48
 87094 | Depths:4 | Found an ancient bone altar of Kikubaaqudgha.
 87094 | Depths:4 | Noticed an ancient lich
 87099 | Depths:4 | Killed an ancient lich
 87809 | Depths:4 | Noticed Boris
 87830 | Depths:4 | Found Jipiruw's Antique Armour Emporium.
 87840 | Depths:4 | Bought a runed cloak for 180 gold pieces
 88030 | Depths:4 | Found Yzynan's Weapon Shop.
 88841 | Depths:4 | Killed Boris
 89220 | Depths:4 | Found Futielu's Assorted Antiques.
 89247 | Depths:4 | Bought a scroll of identify for 78 gold pieces
 89247 | Depths:4 | Found Hinaesh's Assorted Antiques.
 89313 | Depths:4 | Bought a scroll of identify for 50 gold pieces
 89313 | Depths:4 | Bought a potion of curing for 75 gold pieces
 89904 | Depths:4 | Learned a level 3 spell: Tukima's Dance
 90018 | Depths:5 | Entered Level 5 of the Depths
 90723 | Depths:5 | Noticed Jorgrun
 90732 | Depths:5 | Killed from afar by an iron giant

Skill      XL: |  1  2  3  4  5  6  7  8  9 10 11 12 13 14 15 16 17 18 19 20 21 22 23 24 |
---------------+-------------------------------------------------------------------------+-----
Stealth        | 6 7 8 9 10 12 13 15 17 18 20 | 20.8
Dodging        | 2 3 4 5 7 8 10 12 13 15 16 18 | 18.9
Fighting       | 2 3 4 |  4.0
Spellcasting   | 1 4 6 9 13 17 20 | 20.0
Summonings     | 1 3 |  3.9
Slings         | 1 5 9 14 17 19 20 21 | 21.1
Evocations     | 4 5 9 |  9.3
Long Blades    | 4 8 10 | 10.1
Hexes          | 10 | 10.3
Air Magic      | 5 7 |  7.9
Fire Magic     | 6 |  6.7
Charms         | 7 9 |  9.0
Translocations | 12 15 18 21 | 21.0
Necromancy     | 8 |  8.8
Armour         | 10 14 | 14.1
Short Blades   | |  2.1
Throwing       | |  2.0

Action                   |  1- 3 |  4- 6 |  7- 9 | 10-12 | 13-15 | 16-18 | 19-21 | 22-24 || total
-------------------------+-------+-------+-------+-------+-------+-------+-------+-------++-------
Melee: Dagger            |   115 |       |       |       |       |       |       |       ||   115
       Short sword       |     7 |    72 |   513 |   529 |   171 |    64 |   582 |   150 ||  2088
       Long sword        |       |       |       |    10 |       |       |       |       ||    10
       Falchion          |       |       |       |       |   177 |   140 |   372 |   603 ||  1292
       Scimitar          |       |       |       |       |     9 |       |     9 |    11 ||    29
       Lance             |       |       |       |       |    12 |       |    39 |    89 ||   140
       Whip              |       |       |       |       |       |       |    11 |    69 ||    80
       Eudemon blade     |       |       |       |       |       |       |       |    18 ||    18
       Quick blade       |       |       |       |       |       |       |       |    91 ||    91
 Fire: Blowgun           |       |    28 |    41 |    21 |    10 |       |     4 |     4 ||   108
       Hunting sling     |       |       |       |    96 |       |       |       |       ||    96
       Greatsling        |       |       |       |   336 |  1517 |  2134 |  1765 |  2637 ||  8389
Throw: Stone             |       |     5 |     2 |     4 |       |       |       |       ||    11
       Throwing net      |       |       |       |       |       |     1 |       |     4 ||     5
 Cast: Confusing Touch   |       |       |     1 |     1 |       |       |       |       ||     2
       Inner Flame       |       |       |       |       |       |    14 |       |       ||    14
       Mephitic Cloud    |       |       |       |       |       |   109 |   284 |   118 ||   511
       Ozocubu's Armour  |       |       |       |       |       |    16 |    32 |    23 ||    71
       Regeneration      |       |       |       |       |       |    14 |     4 |       ||    18
       Repel Missiles    |       |       |       |       |       |       |     2 |       ||     2
       Controlled Blink  |       |       |       |       |       |       |     8 |    10 ||    18
       Disjunction       |       |       |       |       |       |       |     6 |    70 ||    76
       Apportation       |       |       |       |       |       |       |     2 |       ||     2
       Deflect Missiles  |       |       |       |       |       |       |     1 |     6 ||     7
       Summon Butterflie |       |       |       |       |       |       |     1 |       ||     1
       Control Undead    |       |       |       |       |       |       |       |    22 ||    22
       Haste             |       |       |       |       |       |       |       |     1 ||     1
Invok: Call Merchant     |       |       |     1 |     1 |     3 |     2 |     3 |     2 ||    12
       Potion Petition   |       |       |       |       |       |       |     1 |       ||     1
Evoke: Wand              |       |       |     6 |    16 |     4 |     8 |     3 |    24 ||    61
       Sack of spiders   |       |       |       |       |       |    12 |       |       ||    12
       Phial of floods   |       |       |       |       |       |     5 |     2 |     5 ||    12
       Lamp of fire      |       |       |       |       |       |     5 |     2 |     6 ||    13
       Fan of gales      |       |       |       |       |       |     3 |     1 |     3 ||     7
       Stone of tremors  |       |       |       |       |       |     2 |     1 |     2 ||     5
       Phantom mirror    |       |       |       |       |       |       |       |     1 ||     1
  Use: Scroll            |     5 |     4 |    11 |    12 |    14 |    18 |    20 |     7 ||    91
       Potion            |       |       |     4 |       |     8 |     6 |    11 |    10 ||    39
 Stab: Sleeping          |    22 |     6 |    31 |    33 |    66 |    22 |    61 |    57 ||   298
       Distracted        |     1 |       |     5 |    10 |    11 |     2 |    23 |    15 ||    67
       Invisible         |       |       |       |       |     2 |       |       |       ||     2
       Held in net/web   |       |       |       |       |       |     1 |       |     2 ||     3
       Confused          |       |       |       |       |       |     6 |   188 |    55 ||   249
  Eat: Bread ration      |       |       |     1 |     1 |     1 |       |       |     8 ||    11
       Fruit             |       |       |     5 |     2 |    11 |       |    24 |     8 ||    50
       Pizza             |       |       |     1 |       |       |     6 |     1 |     2 ||    10
       Royal jelly       |       |       |       |       |     1 |       |     1 |     2 ||     4
Armor: Robe              |     6 |     1 |    17 |    27 |    27 |    26 |    49 |    14 ||   167
       Ice dragon armour |       |       |       |       |       |       |       |   293 ||   293
Dodge: Dodged            |    68 |    41 |   331 |   429 |   653 |   779 |  1351 |  1505 ||  5157
       Deflected         |       |       |       |       |       |       |    13 |    36 ||    49
